PL
CLEVELAND BROWNS @ NORTHERN VIRGINIA RAINBOW MERMAIDS
09/18/2041
 
TOP OF THE 1ST
Cleveland Browns batting - Pitching for Northern Virginia Rainbow Mermaids : RHP Ton Jobse
Pitching: RHP Ton Jobse
Batting: SHB Jhett Larson 0-0: Fly out, F8 (Flyball, 8LM, EV 90.0 MPH)
Batting: LHB Jim Brown 0-0: Ball
1-0: Ball
2-0: Fly out, F9 (Flyball, 9S, EV 85.0 MPH)
Batting: LHB León Castillo 0-0: Ball
1-0: Ball
2-0: Ball
3-0: DOUBLE (Line Drive, 7LM, EV 110.0 MPH)
Batting: RHB Meester Gobbles-Rooster 0-0: Ball
1-0: Ball
2-0: SINGLE (Groundball, 4M, EV 101.2 MPH)
León Castillo to third
Runner from 3rd tries for Home, SAFE, throw by CF to home
Batting: LHB Danny Rodríguez 0-0: Ball
1-0: Ball
2-0: Foul Ball, location: 2F
2-1: Foul Ball, location: 2F
2-2: Strikes out swinging
Top of the 1st over - 1 run, 2 hits, 0 errors, 1 left on base; Cleveland 1 - Northern Virginia 0
BOTTOM OF THE 1ST
Northern Virginia Rainbow Mermaids batting - Pitching for Cleveland Browns : RHP Javier Ariza
Pitching: RHP Javier Ariza
Batting: LHB Rylen Roersma 0-0: Ball
1-0: Swinging Strike
1-1: Ball
2-1: Swinging Strike
2-2: SINGLE (Line Drive, 7S, EV 108.8 MPH)
Batting: LHB Scott Kerin 0-0: Called Strike
0-1: Ball
1-1: Ball
2-1: Swinging Strike
2-2: Foul Ball, location: 2F
2-2: Foul Ball, location: 2F
2-2: Ball
3-2: SINGLE (Groundball, 4M, EV 108.8 MPH) (infield hit)
Rylen Roersma to second
Batting: RHB Rob Brooks 0-0: Ball
1-0: Ball
2-0: Fly out, F8 (Flyball, 89XD, EV 104.4 MPH)
Runner from 2nd tags up, SAFE at 3rd, no throw by CF
Batting: LHB Ryder Ringor 0-0: SINGLE (Groundball, 4, EV 89.4 MPH) (infield hit)
Rylen Roersma scores
Scott Kerin to second
Batting: RHB Manuel Márquez 0-0: Called Strike
0-1: Grounds into double play, 6-4-3 (Groundball, 6, EV 100.6 MPH)
Bottom of the 1st over - 1 run, 3 hits, 0 errors, 1 left on base; Cleveland 1 - Northern Virginia 1
TOP OF THE 2ND
Cleveland Browns batting - Pitching for Northern Virginia Rainbow Mermaids : RHP Ton Jobse
Batting: LHB Lauren Hilfiker 0-0: Ground out 6-3 (Groundball, 6, EV 91.9 MPH)
Batting: SHB Esteban Piñeiro 0-0: Ball
1-0: Foul Ball, location: 2F
1-1: Called Strike
1-2: Strikes out swinging
Batting: LHB Bob Giles 0-0: Swinging Strike
0-1: Foul Ball, location: 2F
0-2: Ball
1-2: Strikes out swinging
Top of the 2nd over - 0 runs, 0 hits, 0 errors, 0 left on base; Cleveland 1 - Northern Virginia 1
BOTTOM OF THE 2ND
Northern Virginia Rainbow Mermaids batting - Pitching for Cleveland Browns : RHP Javier Ariza
Batting: LHB Tony Goodwin 0-0: Called Strike
0-1: Ground out 1-3 (Groundball, 13, EV 88.1 MPH)
Batting: LHB Jeff Washington 0-0: Ball
1-0: Foul Ball, location: 2F
1-1: Foul Ball, location: 2F
1-2: Ball
2-2: Foul Ball, location: 2F
2-2: Strikes out swinging
Batting: RHB John Juanda 0-0: Ground out 5-3 (Groundball, 56, EV 88.8 MPH)
Bottom of the 2nd over - 0 runs, 0 hits, 0 errors, 0 left on base; Cleveland 1 - Northern Virginia 1
TOP OF THE 3RD
Cleveland Browns batting - Pitching for Northern Virginia Rainbow Mermaids : RHP Ton Jobse
Batting: LHB Luis Aranda 0-0: Foul Ball, location: 2F
0-1: Foul Ball, location: 2F
0-2: Ball
1-2: Ball
2-2: Strikes out swinging
Batting: SHB Jhett Larson 0-0: Ground out 4-3 (Groundball, 4, EV 84.4 MPH)
Batting: LHB Jim Brown 0-0: Fly out, F9 (Flyball, 89S, EV 86.9 MPH)
Top of the 3rd over - 0 runs, 0 hits, 0 errors, 0 left on base; Cleveland 1 - Northern Virginia 1
BOTTOM OF THE 3RD
Northern Virginia Rainbow Mermaids batting - Pitching for Cleveland Browns : RHP Javier Ariza
Batting: RHB Júlio Abarco 0-0: Ball
1-0: Swinging Strike
1-1: Swinging Strike
1-2: Foul Ball, location: 2F
1-2: Foul Ball, location: 2F
1-2: Ball
2-2: Strikes out swinging
Batting: LHB Rylen Roersma 0-0: Ball
1-0: Called Strike
1-1: Ground out 6-3 (Groundball, 6, EV 103.1 MPH)
Batting: LHB Scott Kerin 0-0: SINGLE (Line Drive, 56D, EV 99.4 MPH)
Batting: RHB Rob Brooks 0-0: SINGLE (Groundball, 34D, EV 97.5 MPH)
Scott Kerin to second
Runner from 2nd tries for 3rd, SAFE, throw by RF made to third
Batting: LHB Ryder Ringor 0-0: Ball
1-0: Foul Ball, location: 2F
1-1: Called Strike
1-2: Ground out 4-3 (Groundball, 4, EV 104.4 MPH)
Bottom of the 3rd over - 0 runs, 2 hits, 0 errors, 2 left on base; Cleveland 1 - Northern Virginia 1
TOP OF THE 4TH
Cleveland Browns batting - Pitching for Northern Virginia Rainbow Mermaids : RHP Ton Jobse
Batting: RHB Wilbur Davis 0-0: Foul Ball, location: 2F
0-1: Foul Ball, location: 2F
0-2: Strikes out swinging
Batting: RHB Meester Gobbles-Rooster 0-0: Called Strike
0-1: Ball
1-1: Ball
2-1: Called Strike
2-2: Strikes out swinging
Batting: LHB Danny Rodríguez 0-0: Ball
1-0: Called Strike
1-1: Ball
2-1: Ball
3-1: Foul Ball, location: 2F
3-2: Base on Balls
Batting: LHB Lauren Hilfiker 0-0: Ball
1-0: Swinging Strike
1-1: Ball
2-1: SINGLE (Groundball, 34D, EV 99.4 MPH)
Danny Rodríguez to second
Runner from 2nd tries for 3rd, SAFE, no throw by RF
Batting: SHB Esteban Piñeiro 0-0: Foul Ball, location: 2F
0-1: Ball
1-1: Fly out, F8 (Line Drive, 8RD, EV 95.0 MPH)
Top of the 4th over - 0 runs, 1 hit, 0 errors, 2 left on base; Cleveland 1 - Northern Virginia 1
BOTTOM OF THE 4TH
Northern Virginia Rainbow Mermaids batting - Pitching for Cleveland Browns : RHP Javier Ariza
Batting: RHB Manuel Márquez 0-0: Called Strike
0-1: Ball
1-1: Ground out 6-3 (Groundball, 6, EV 96.9 MPH)
Batting: LHB Tony Goodwin 0-0: Foul Ball, location: 2F
0-1: Ball
1-1: Called Strike
1-2: Ball
2-2: Ball
3-2: Ground out U3 (Groundball, 3, EV 87.5 MPH)
Batting: LHB Jeff Washington 0-0: Ball
1-0: Foul Ball, location: 2F
1-1: Foul Ball, location: 2F
1-2: SINGLE (Groundball, 4D, EV 106.9 MPH)
Batting: RHB John Juanda 0-0: Called Strike
0-1: Called Strike
0-2: Ball
1-2: Strikes out swinging
Bottom of the 4th over - 0 runs, 1 hit, 0 errors, 1 left on base; Cleveland 1 - Northern Virginia 1
TOP OF THE 5TH
Cleveland Browns batting - Pitching for Northern Virginia Rainbow Mermaids : RHP Ton Jobse
Batting: LHB Bob Giles 0-0: Ball
1-0: Called Strike
1-1: Ground out 6-3 (Groundball, 56, EV 85.6 MPH)
Batting: LHB Luis Aranda 0-0: Swinging Strike
0-1: Foul Ball, location: 2F
0-2: Foul Ball, location: 2F
0-2: Strikes out swinging
Batting: SHB Jhett Larson 0-0: Ball
1-0: Ball
2-0: Ground out U3 (Groundball, 3L, EV 80.0 MPH)
Top of the 5th over - 0 runs, 0 hits, 0 errors, 0 left on base; Cleveland 1 - Northern Virginia 1
BOTTOM OF THE 5TH
Northern Virginia Rainbow Mermaids batting - Pitching for Cleveland Browns : RHP Javier Ariza
Batting: RHB Júlio Abarco 0-0: Called Strike
0-1: Ball
1-1: SINGLE (Groundball, 34D, EV 102.5 MPH)
Batting: LHB Rylen Roersma 0-0: Ball
1-0: Ball
2-0: Foul Ball, location: 2F
2-1: Ball
3-1: Called Strike
3-2: Grounds into double play, 6-4-3 (Groundball, 6, EV 105.0 MPH)
Batting: LHB Scott Kerin 0-0: Fly out, F8 (Line Drive, 8LD, EV 95.6 MPH)
Bottom of the 5th over - 0 runs, 1 hit, 0 errors, 0 left on base; Cleveland 1 - Northern Virginia 1
TOP OF THE 6TH
Cleveland Browns batting - Pitching for Northern Virginia Rainbow Mermaids : RHP Ton Jobse
Batting: LHB Jim Brown 0-0: Called Strike
0-1: Fly out, F7 (Flyball, 7, EV 86.9 MPH)
Batting: RHB Wilbur Davis 0-0: Ground out 5-3 (Groundball, 5S, EV 88.8 MPH)
Batting: RHB Meester Gobbles-Rooster 0-0: Called Strike
0-1: Ball
1-1: Foul Ball, location: 2F
1-2: Foul Ball, location: 2F
1-2: Strikes out swinging
Top of the 6th over - 0 runs, 0 hits, 0 errors, 0 left on base; Cleveland 1 - Northern Virginia 1
BOTTOM OF THE 6TH
Northern Virginia Rainbow Mermaids batting - Pitching for Cleveland Browns : RHP Javier Ariza
Batting: RHB Rob Brooks 0-0: Ball
1-0: Ball
2-0: Ball
3-0: Called Strike
3-1: Foul Ball, location: 2F
3-2: Foul Ball, location: 2F
3-2: Base on Balls
Batting: LHB Ryder Ringor 0-0: Ball
1-0: Fly out, F9 (Line Drive, 9, EV 106.2 MPH)
Batting: RHB Manuel Márquez 0-0: Called Strike
0-1: Fly out, F8 (Line Drive, 8LD, EV 92.5 MPH)
Batting: LHB Tony Goodwin 0-0: Foul Ball, location: 2F
0-1: Called Strike
0-2: Ball
1-2: SINGLE (Groundball, 56D, EV 98.1 MPH)
Rob Brooks to second
Pitching: RHP Dewitt Clendaniel
Batting: LHB Jeff Washington 0-0: Called Strike
0-1: Ball
1-1: Swinging Strike
1-2: Ball
2-2: Strikes out swinging
Bottom of the 6th over - 0 runs, 1 hit, 0 errors, 2 left on base; Cleveland 1 - Northern Virginia 1
TOP OF THE 7TH
Cleveland Browns batting - Pitching for Northern Virginia Rainbow Mermaids : RHP Ton Jobse
Batting: LHB Danny Rodríguez 0-0: Ball
1-0: Called Strike
1-1: Ground out 1-3 (Groundball, 13, EV 72.5 MPH)
Batting: LHB Lauren Hilfiker 0-0: Foul Ball, location: 2F
0-1: Ball
1-1: Called Strike
1-2: Strikes out swinging
Batting: SHB Esteban Piñeiro 0-0: Called Strike
0-1: Ball
1-1: Ground out 1-3 (Groundball, 15, EV 71.2 MPH)
Top of the 7th over - 0 runs, 0 hits, 0 errors, 0 left on base; Cleveland 1 - Northern Virginia 1
BOTTOM OF THE 7TH
Northern Virginia Rainbow Mermaids batting - Pitching for Cleveland Browns : RHP Dewitt Clendaniel
Pitching: LHP Stephen Palmer
Batting: RHB John Juanda 0-0: Ball
1-0: Ground out 6-3 (Groundball, 6, EV 101.9 MPH)
Batting: RHB Júlio Abarco 0-0: Ground out U3 (Groundball, 3, EV 91.2 MPH)
Batting: LHB Rylen Roersma 0-0: Ball
1-0: SINGLE (Line Drive, 78S, EV 92.5 MPH)
Batting: LHB Scott Kerin 0-0: Called Strike
0-1: Ball
1-1: Called Strike
1-2: Ball
2-2: Foul Ball, location: 2F
2-2: Fly out, F8 (Flyball, 78D, EV 99.4 MPH)
Bottom of the 7th over - 0 runs, 1 hit, 0 errors, 1 left on base; Cleveland 1 - Northern Virginia 1
TOP OF THE 8TH
Cleveland Browns batting - Pitching for Northern Virginia Rainbow Mermaids : RHP Ton Jobse
Batting: LHB Bob Giles 0-0: Ball
1-0: Ball
2-0: Foul Ball, location: 2F
2-1: Ball
3-1: Called Strike
3-2: Strikes out swinging
Batting: LHB Luis Aranda 0-0: Ball
1-0: Fly out, F7 (Flyball, 7D, EV 101.9 MPH)
Batting: SHB Jhett Larson 0-0: Called Strike
0-1: Swinging Strike
0-2: Ball
1-2: SINGLE (Groundball, 34D, EV 105.0 MPH)
Batting: LHB Jim Brown 0-0: Ball
1-0: Ball
2-0: Foul Ball, location: 2F
2-1: Swinging Strike
2-2: Strikes out swinging
Top of the 8th over - 0 runs, 1 hit, 0 errors, 1 left on base; Cleveland 1 - Northern Virginia 1
BOTTOM OF THE 8TH
Northern Virginia Rainbow Mermaids batting - Pitching for Cleveland Browns : LHP Stephen Palmer
Batting: RHB Rob Brooks 0-0: Called Strike
0-1: Hit by Pitch
Batting: LHB Ryder Ringor 0-0: Called Strike
0-1: Ball
1-1: Swinging Strike
1-2: Strikes out looking
Batting: RHB Manuel Márquez 0-0: Ball
1-0: SINGLE (Groundball, 5D, EV 95.0 MPH)
Rob Brooks to second
Pitching: RHP Damien Morin
Batting: LHB Tony Goodwin 0-0: Ball
1-0: Ball
2-0: Ball
3-0: Base on Balls
Rob Brooks to third
Manuel Márquez to second
Batting: LHB Jeff Washington 0-0: Ball
1-0: DOUBLE (Line Drive, 5D, EV 103.8 MPH)
Rob Brooks scores
Manuel Márquez scores
Tony Goodwin to third
Runner from 3rd tries for Home, SAFE, no throw by LF
Batting: RHB John Juanda 0-0: Intentional Walk
Batting: RHB Júlio Abarco 0-0: Foul Ball, location: 2F
0-1: Called Strike
Jeff Washington is caught stealing 3rd base 2-5
0-2: Foul Ball, location: 2F
0-2: DOUBLE (Flyball, 8RD, EV 111.2 MPH)
John Juanda to third
John Juanda scores
Batting: LHB Rylen Roersma 0-0: Ball
1-0: Called Strike
1-1: SINGLE (Line Drive, 8LS, EV 110.6 MPH)
Júlio Abarco to third
Runner from 3rd tries for Home, SAFE, throw by CF to home
Rylen Roersma to second
Pitching: LHP Arnie Harper
Batting: LHB Scott Kerin 0-0: Called Strike
0-1: Ball
1-1: Ball
2-1: Ball
3-1: Called Strike
3-2: Strikes out looking
Bottom of the 8th over - 5 runs, 4 hits, 0 errors, 1 left on base; Cleveland 1 - Northern Virginia 6
TOP OF THE 9TH
Cleveland Browns batting - Pitching for Northern Virginia Rainbow Mermaids : RHP Ton Jobse
Batting: RHB Wilbur Davis 0-0: Swinging Strike
0-1: Ball
1-1: Ball
2-1: Fly out, F7 (Flyball, 78S, EV 92.5 MPH)
Batting: RHB Meester Gobbles-Rooster 0-0: Ball
1-0: Ball
2-0: Fly out, F8 (Line Drive, 8LD, EV 97.5 MPH)
Batting: LHB Danny Rodríguez 0-0: Ball
1-0: Ball
2-0: Foul Ball, location: 2F
2-1: Foul Ball, location: 2F
2-2: Strikes out swinging
Top of the 9th over - 0 runs, 0 hits, 0 errors, 0 left on base; Cleveland 1 - Northern Virginia 6
Tuesday, January 5th, 2021 - OOTP Baseball 20.8 Build 74